 Dungeon Crawl Stone Soup version 0.22.1-1-ga44c0e5 (webtiles) character file.

516 brandon the Chopper (level 7, 0/61 HPs)
             Began as a Minotaur Berserker on Oct 2, 2018.
             Was a Priest of Trog.
             Slain by a river rat (4 damage)
             ... on level 4 of the Dungeon.
             The game lasted 00:04:54 (1870 turns).

brandon the Chopper (Minotaur Berserker)            Turns: 1870, Time: 00:04:55

Health: 0/61       AC:  2    Str: 21    XL:     7   Next: 0%
Magic:  6/6        EV: 14    Int:  4    God:    Trog [***...]
Gold:   181        SH:  0    Dex: 12    Spells: 6/6 levels left

rFire    . . .     SeeInvis .   a - +0 hand axe
rCold    . . .     Gourm    .   (no shield)
rNeg     . . .     Faith    .   b - +0 animal skin
rPois    .         Spirit   .   (helmet restricted)
rElec    .         Reflect  .   (no cloak)
rCorr    .         Harm     .   (no gloves)
MR       .....                  (no boots)
Stlth    +.........             (no amulet)
HPRegen  0.20/turn              (no ring)
MPRegen  0.10/turn              (no ring)

@: berserk cooldown, slowed, very slow
A: retaliatory headbutt, horns 2
a: Berserk, Trog's Hand, Renounce Religion


You were on level 4 of the Dungeon.
You worshipped Trog.
Trog was most pleased with you.
You were not hungry.

You visited 1 branch of the dungeon, and saw 4 of its levels.

You collected 181 gold pieces.

Inventory:

Hand Weapons
 a - a +0 hand axe (weapon)
Armour
 b - a +0 animal skin (worn)
Wands
 i - a wand of digging (18)
Scrolls
 d - a scroll of identify {unknown}
 e - a scroll of enchant weapon {unknown}
 g - a scroll of enchant armour {unknown}
 j - a scroll of fear {unknown}
 l - 3 scrolls of teleportation {unknown}
 n - 3 scrolls of fog {unknown}
Potions
 f - 2 potions of agility {unknown}
 h - 3 potions of curing
 k - a potion of degeneration {unknown}
 m - a potion of mutation {unknown}
 o - a potion of heal wounds {unknown}
Comestibles
 c - 3 rations
 p - 2 chunks of flesh


   Skills:
 + Level 5.3 Fighting
 * Level 6.7 Axes
 + Level 4.6 Armour
 + Level 4.1 Dodging


You had 6 spell levels left.
You didn't know any spells.
Your spell library was empty.

Dungeon Overview and Level Annotations

Branches:
Dungeon (4/15)
 Temple: D:4-7

Altars:
Ru

Portals:
Sewer: D:4


Innate Abilities, Weirdness & Mutations

You reflexively headbutt those who attack you in melee.
You have a pair of horns on your head.


Message History

You open the door. 2 rats and a river rat come into view.
The rat moves out of view.
Found a glowing drain.
You closely miss the rat. You hit the river rat but do no damage.
You headbutt the river rat.
The river rat is lightly wounded.
You hit the worm. The worm closely misses you.
You closely miss the rat. You hit the worm. You slash the river rat!
The river rat bites you!
* * * LOW HITPOINT WARNING * * *
The rat closely misses you. The river rat closely misses you.
You furiously retaliate!
You headbutt the river rat, but do no damage.
You closely miss the rat. Your headbutt misses the rat.
You hit the river rat but do no damage. You hit the worm. x2
The rat closely misses you. The worm bites you!
* * * LOW HITPOINT WARNING * * *
The river rat bites you.
You die...

#....#.[..#
#..M.#....#
#....###.##
....## #.##
.....####..#####
......##..†.....#
...........≈≈#
####....≈w...#
#...≈≈w@r≈#
#....≈##r##
#..≈≈≈# r≈#
#...≈≈+ ∩≈#
#...≈≈# ≈≈#
####### ###


You could see 2 worms, a river rat and 2 rats.

Vanquished Creatures
  Sigmund (D:3)
  Menkaure (D:4)
  Blork the orc (D:4)
  Ijyb (D:3)
  Natasha (D:4)
  2 worker ants (D:4)
  2 adders
  A dart slug (D:1)
  2 leopard geckos
  9 orcs
  A ball python (D:4)
  2 giant cockroaches
  5 goblins
  8 hobgoblins
  7 jackals
  2 quokkas (D:3)
  4 bats
  2 frilled lizards (D:1)
  4 kobolds
  9 rats
65 creatures vanquished.

Notes
Turn   | Place    | Note
-------+----------+-------------------------------------------
     0 | D:1      | brandon the Minotaur Berserker began the quest for the Orb.
     0 | D:1      | Reached XP level 1. HP: 19/19 MP: 0/0
   102 | D:1      | Reached XP level 2. HP: 25/27 MP: 1/1
   127 | D:1      | Reached skill level 4 in Axes
   310 | D:1      | Reached ** piety under Trog
   646 | D:1      | Reached XP level 3. HP: 29/33 MP: 2/2
   695 | D:3      | Noticed Sigmund
   701 | D:3      | Killed Sigmund
   701 | D:3      | Reached skill level 5 in Axes
   701 | D:3      | Reached XP level 4. HP: 41/41 MP: 3/3
   701 | D:3      | Reached XP level 5. HP: 47/47 MP: 4/4
   776 | D:3      | Noticed Ijyb
   788 | D:3      | Killed Ijyb
  1432 | D:4      | Noticed Natasha
  1442 | D:4      | Killed Natasha
  1479 | D:4      | Reached XP level 6. HP: 55/55 MP: 5/5
  1608 | D:4      | Found a sacrificial altar of Ru.
  1616 | D:4      | Noticed Blork the orc
  1620 | D:4      | Reached skill level 6 in Axes
  1631 | D:4      | Killed Blork the orc
  1631 | D:4      | Reached skill level 5 in Fighting
  1821 | D:4      | Noticed Menkaure
  1843 | D:4      | Killed Menkaure
  1843 | D:4      | Reached *** piety under Trog
  1847 | D:4      | Reached XP level 7. HP: 25/61 MP: 6/6
  1866 | D:4      | Found a glowing drain.
  1870 | D:4      | Slain by a river rat

Skill      XL: |  1  2  3  4  5  6 |
---------------+-------------------+-----
Axes           | 4 5 6 |  6.7
Fighting       | 4 5 |  5.3
Armour         | 3 4 |  4.6
Dodging        | 3 4 |  4.1

Action                   |  1- 3 |  4- 6 |  7- 9 || total
-------------------------+-------+-------+-------++-------
Melee: Hand axe          |    57 |    91 |     6 ||   154
       Headbutt          |     6 |    14 |     1 ||    21
Invok: Berserk           |     1 |     2 |       ||     3
  Eat: Chunk             |       |     2 |       ||     2
       Ration            |       |     1 |       ||     1
Armor: Animal skin       |    15 |     9 |       ||    24
       Skin              |       |     3 |       ||     3
Dodge: Dodged            |    44 |    70 |     5 ||   119
